cohdb
Replays
Latest Replays
All Replays
Popular Replays
Top Player Replays
Match Explorer
How It Works
Community
CoH3 Stats
Reddit
Sign in to upload your games and track your stats! →
Sign in with Steam
Match 43987914
Unlisted
Match 43987914
Overview
Messages
Build Orders
End
Kradschützen Motorcycle Team
Panzergrenadier Squad
Panzergrenadier Squad
Construct Light Support Kompanie
MG34 Team
Selects Armored Support Battlegroup
Selects Superior Fire Drills
250 Light Carrier
Combat Half-tracks
Panzerjäger Mechanized Group
Construct Mechanized Kompanie
Marder III Tank Destroyer
Marder III Tank Destroyer
Selects Flammpanzer III Medium Tank
Flammpanzer III Medium Tank
Panzerpioneer Squad
2.5-tonne Medical Truck
Construct Panzerarmee Kommand
Armored Reserves
Veteran Squad Leaders
Tungsten Core Ammunition
Selects Salvage Kits
Selects Panzer Storm
StuG Assault Group
Emergency Repair Kits
Selects Stuka Anti-tank Loiter
Marder III Tank Destroyer
Syccer
DrewP
0
0
Comments
sign in to comment!
No comments posted yet!